 Dungeon Crawl Stone Soup version 0.26-a0-712-ga5a9c9c9d0 (webtiles) character file.

Game seed: 9108190155135839007

3345 Arthanis the Cleaver (level 10, 0/64 HPs)
             Began as a Gargoyle Berserker on Nov 2, 2020.
             Was a High Priest of Trog.
             Slain by an orc
             ... wielding a +0 spear
              (4 damage)
             ... in a bailey.
             The game lasted 00:10:29 (7125 turns).

Arthanis the Cleaver (Gargoyle Berserker)           Turns: 7125, Time: 00:10:30

Health: 0/64       AC: 22    Str: 21    XL:     10   Next: 2%
Magic:  19/19      EV:  7    Int: 11    God:    Trog [*****.]
Gold:   874        SH:  4    Dex:  9    Spells: 9/9 levels left

rFire    . . .     SeeInvis +   A - +0 war axe
rCold    . . .     Faith    .   i - +0 buckler
rNeg     + . .     Spirit   .   f - +0 plate armour
rPois    ∞         Reflect  .   B - +0 helmet
rElec    +         Harm     .   t - +0 cloak
rCorr    .         Rampage  .   (no gloves)
MR       .....                  (no boots)
Stlth    ..........             z - amulet of magic regeneration
HPRegen  0.20/turn              c - ring of see invisible
MPRegen  0.41/turn              j - ring of magical power

@: berserk cooldown, slowed, very slow
A: negative energy resistance 1, electricity resistance, unbreathing,
petrification resistance, rot immunity, AC +7
a: Berserk, Trog's Hand, Brothers in Arms, Renounce Religion


You were in a bailey.
You worshipped Trog.
Trog was extremely pleased with you.
You visited 1 branch of the dungeon, and saw 8 of its levels.
You also visited: Ossuary and Bailey.

You collected 874 gold pieces.

Inventory:

Hand Weapons
 s - a +3 quarterstaff of chaos
 x - a +0 trident
 A - a +0 war axe (weapon)
Missiles
 b - a throwing net (quivered)
Armour
 f - a +0 plate armour (worn)
 i - a +0 buckler (worn)
 n - a +0 scale mail
 t - a +0 cloak (worn)
 B - a +0 helmet (worn)
Jewellery
 c - a ring of see invisible (left hand)
 j - a ring of magical power (right hand)
 z - an amulet of magic regeneration (around neck)
Wands
 a - a wand of random effects (27)
 r - a wand of flame (13)
 w - a wand of iceblast (14)
Scrolls
 d - 4 scrolls of remove curse
 e - 4 scrolls of fear
 l - 2 scrolls of teleportation
 y - a scroll of enchant weapon
 C - 3 scrolls of immolation
 D - a scroll of torment
 G - 3 scrolls of enchant armour
 H - a scroll of fog
 I - a scroll of magic mapping
 J - a scroll of brand weapon
Potions
 g - a potion of stabbing {unknown}
 h - 4 potions of haste
 k - 4 potions of brilliance
 m - 3 potions of curing
 o - 2 potions of degeneration {unknown}
 p - 3 potions of heal wounds {unknown}
 q - 2 potions of flight {unknown}
 u - 2 potions of resistance {unknown}
 v - a potion of mutation {unknown}
 E - 2 potions of invisibility {unknown}
 F - 3 potions of lignification {unknown}


   Skills:
 - Level 8.0 Fighting
 - Level 9.0 Axes
 - Level 6.0 Armour
 - Level 2.0 Dodging
 - Level 4.0 Shields
 + Level 3.7 Evocations


You had 9 spell levels left.
You didn't know any spells.
Your spell library contained the following spells:

 Spells                   Type           Power        Failure   Level
 Beastly Appendage        Tmut           #.....       100%        1
 Foxfire                  Conj/Fire      #...         100%        1
 Wereblood                Tmut           #.......     100%        2
 Conjure Flame            Conj/Fire      #.......     100%        3
 Inner Flame              Hex/Fire       #.......     100%        3
 Spider Form              Tmut/Pois      #.........   100%        3
 Ice Form                 Ice/Tmut       #.......     100%        4
 Sticky Flame             Conj/Fire      #.......     100%        4
 Blade Hands              Tmut           #.........   100%        5
 Fireball                 Conj/Fire      #.........   100%        5


Dungeon Overview and Level Annotations

Branches:
Dungeon (8/15)             Temple (0/1) D:7         Ossuary (visited)
 Bailey (1/1)
   Lair: D:8-11

Altars:
Okawaru


Innate Abilities, Weirdness & Mutations

You are resistant to torment.
Your stone body is resilient. (AC +7)
You are immune to poison.
You resist negative energy. (rN+)
You are resistant to electric shocks. (rElec)
You can survive without breathing.
You are immune to petrification.
You are immune to rotting.


Message History

The orc warrior shoots a bolt.
The bolt hits you.
* * * LOW HITPOINT WARNING * * *
The orc hits you from afar with a +0 halberd.
* * * LOW HITPOINT WARNING * * *
The orc warrior shoots a bolt.
The bolt hits you but does no damage.
You see here 2 bolts.
The orc barely misses you. You block the orc warrior's attack.
You block the orc's attack. x2; The orc warrior shoots a bolt.
The bolt hits you!
* * * LOW HITPOINT WARNING * * *
The orc hits you but does no damage.
You see here a bolt.
The orc barely misses you. The orc hits you but does no damage.
The orc warrior hits you but does no damage.
The orc hits you from afar with a +0 spear.
* * * LOW HITPOINT WARNING * * *
Things that are here:
a +0 trident; a +0 plate armour The orc hits you from afar with a +0 spear.
You die...

###### ##∩## ######
#.....##...##.....#
..≈≈≈..#...#..≈≈≈..
.≈≈)≈≈....(..≈≈)≈≈.
.≈.∩)≈.....(o≈)∩.≈.
.≈≈)≈≈...ooo.≈≈)≈≈.
..≈≈≈..#)o)#..≈≈≈..
#.....##.∩.##...o.#
###### ##@## ######
###


You could see 2 orc warriors and 3 orcs.

Vanquished Creatures
  Sigmund (D:2)
  Duvessa (D:4)
  6 orc warriors
  8 ogres
  A phantom (D:5)
  A centaur (D:8)
  2 bullfrogs
  Dowan (D:4)
  4 scorpions
  A howler monkey (D:6)
  A bullfrog zombie (D:6)
  3 orc priests
  Crazy Yiuf (D:2)
  2 hounds
  3 jellies (D:6)
  8 orc wizards
  2 bullfrog skeletons
  2 gnoll shamans (D:7)
  6 worker ants
  A killer bee zombie (D:5)
  A hound zombie (D:5)
  8 mummies (Ossuary)
  Robin (D:4)
  A worker ant zombie (D:5)
  2 howler monkey skeletons
  6 gnolls (D:7)
  6 adders
  4 white imps
  An ufetubus (D:7)
  2 oozes
  An adder zombie (D:3)
  3 adder skeletons
  3 worms
  A dart slug (D:2)
  5 leopard geckos
  30 orcs
  6 giant cockroaches
  2 gnoll zombies (Ossuary)
  10 hobgoblins
  7 jackals
  4 kobolds
  5 quokkas
  A ball python (D:3)
  6 bats
  4 frilled lizards
  18 goblins
  2 hobgoblin zombies (Ossuary)
  A jackal skeleton (D:5)
  2 kobold zombies (Ossuary)
  2 orc zombies (Ossuary)
  A quokka skeleton (D:4)
  10 rats
211 creatures vanquished.

Notes
Turn   | Place    | Note
-------+----------+-------------------------------------------
     0 | D:1      | Arthanis the Gargoyle Berserker began the quest for the
                  | Orb.
     0 | D:1      | Reached XP level 1. HP: 14/14 MP: 1/1
   323 | D:1      | Reached XP level 2. HP: 9/19 MP: 2/2
   570 | D:1      | You fall into a shaft and drop 1 floor!
   594 | D:2      | Reached skill level 3 in Axes
   829 | D:1      | Reached XP level 3. HP: 23/23 MP: 3/3
  1432 | D:2      | Noticed Sigmund
  1442 | D:2      | Killed Sigmund
  1442 | D:2      | Reached skill level 4 in Axes
  1442 | D:2      | Reached XP level 4. HP: 29/29 MP: 4/4
  1442 | D:2      | Reached XP level 5. HP: 33/33 MP: 5/5
  1487 | D:2      | Found a runed translucent door.
  1488 | D:2      | Noticed Crazy Yiuf
  1498 | D:2      | Killed Crazy Yiuf
  1498 | D:2      | Reached XP level 6. HP: 39/39 MP: 6/6
  2017 | D:3      | Reached ** piety under Trog
  2277 | D:3      | Reached skill level 5 in Axes
  2277 | D:3      | Reached XP level 7. HP: 29/44 MP: 7/7
  2896 | D:4      | Reached *** piety under Trog
  2947 | D:4      | Reached skill level 5 in Fighting
  3104 | D:4      | Reached skill level 1 in Evocations
  3405 | D:4      | Reached skill level 6 in Axes
  3405 | D:4      | Reached skill level 5 in Armour
  3405 | D:4      | Reached XP level 8. HP: 50/50 MP: 8/8
  3519 | D:4      | Noticed Robin
  3528 | D:4      | Killed Robin
  3617 | D:4      | Noticed Dowan
  3701 | D:4      | Noticed Duvessa
  3715 | D:4      | Killed Dowan
  3717 | D:4      | Killed Duvessa
  3858 | D:5      | Entered Level 5 of the Dungeon
  4044 | D:5      | Reached **** piety under Trog
  4297 | D:5      | Reached skill level 7 in Axes
  4833 | D:5      | Reached XP level 9. HP: 46/56 MP: 9/9
  5110 | D:6      | Reached skill level 8 in Axes
  5291 | D:6      | Found a sand-covered staircase.
  5303 | Ossuary  | Entered an ossuary
  6407 | D:7      | Reached ***** piety under Trog
  6604 | D:7      | Found an iron altar of Okawaru.
  6629 | D:7      | Reached skill level 9 in Axes
  6660 | D:7      | Reached skill level 1 in Shields
  6686 | D:7      | Found a staircase to the Ecumenical Temple.
  7060 | D:8      | Found a flagged portal.
  7069 | Bailey   | Entered a bailey
  7114 | Bailey   | Reached XP level 10. HP: 31/64 MP: 10/10
  7125 | Bailey   | Slain by an orc

Illustrated notes

Levels and vault maps discovered:
D:1:      lightli_arrival_flooded_house, layout_loops_ring,
          hangedman_decor_peaks_small
D:2:      layout_basic, kennysheep_generic_room_6, uniq_crazy_yiuf_cottage,
          uniq_sigmund
D:3:      layout_loops_ring, minmay_misc_feat_tiny
D:4:      layout_loops_ring, minmay_starry_boxes, uniq_robin, uniq_duvessa
D:5:      minmay_razor_zed, layout_basic
D:6:      layout_loops_ring, enter_ossuary_5
D:7:      layout_rooms, okawaru_gym_becter, temple_hall
D:8:      layout_loops_cross, enter_bailey_8
Bailey:   bailey_polearm_4, bailey

Skill      XL: |  1  2  3  4  5  6  7  8  9 |
---------------+----------------------------+-----
Axes           | 3 4 5 6 7 9 |  9.0
Fighting       | 4 5 6 8 |  8.0
Armour         | 3 4 5 6 |  6.0
Dodging        | 2 |  2.0
Evocations     | 1 2 3 |  3.7
Shields        | 4 |  4.0

Action                   |  1- 3 |  4- 6 |  7- 9 | 10-12 || total
-------------------------+-------+-------+-------+-------++-------
Melee: Hand axe          |    83 |    85 |   161 |       ||   329
       War axe           |       |       |   323 |     1 ||   324
Invok: Berserk           |     1 |     3 |    13 |       ||    17
       Trog's Hand       |       |       |     1 |       ||     1
Evoke: Wand              |       |       |    12 |     1 ||    13
  Use: Scroll            |       |       |    17 |       ||    17
Armor: Animal skin       |    21 |       |       |       ||    21
       Scale mail        |     4 |    51 |   218 |       ||   273
       Plate armour      |       |       |    49 |    13 ||    62
Dodge: Dodged            |    48 |    34 |   244 |    13 ||   339
Block: Buckler           |       |       |    10 |     7 ||    17

Table legend: (Time is in decaauts)
 A = Elapsed time spent in this place.
 B = Non-inter-level travel time spent in this place.
 C = Inter-level travel time spent in this place.
 D = Time resting spent in this place.
 E = Time spent auto-exploring this place.
 F = Levels seen in this place.
 G = Mean time per level.
                   A        B        C        D        E       F      G
               +--------+--------+--------+--------+--------+-----+--------+
         Total |   7363 |   7191 |    172 |     29 |   5534 |  10 |  736.3 |
       Dungeon |   6751 |   6579 |    172 |      6 |   5136 |   8 |  843.9 |
       Ossuary |    545 |    545 |      0 |     23 |    398 |   1 |  545.0 |
        Bailey |     66 |     66 |      0 |      0 |      0 |   1 |   66.0 |
               +--------+--------+--------+--------+--------+-----+--------+

Top non-repeatable levels by time:
     D:5: 1262 daAuts
     D:2: 1063 daAuts
     D:4: 1024 daAuts
     D:1: 986 daAuts
     D:3: 901 daAuts
     D:6: 750 daAuts
     D:7: 666 daAuts
 Ossuary: 545 daAuts
     D:8: 96 daAuts
  Bailey: 66 daAuts
